 Dungeon Crawl Stone Soup version 0.28.0-53-g5a82cb258f (webtiles) character file.

Game seed: 16795156489922804606

800 doricub5 the Skirmisher (level 7, -2/47 HPs)
             Began as a Gargoyle Fighter on July 22, 2022.
             Was a Follower of Okawaru.
             Slain by a mummy (12 damage)
             ... in an ossuary.
             The game lasted 00:19:24 (3986 turns).

doricub5 the Skirmisher (Gargoyle Fighter)          Turns: 3986, Time: 00:19:25

Health: -2/47      AC: 12    Str: 21    XL:     7   Next: 90%
Magic:  7/7        EV: 13    Int:  9    God:    Okawaru [*.....]
Gold:   219        SH:  4    Dex:  9    Spells: 6/6 levels left

rFire   . . .      SeeInvis .   a - +0 flail
rCold   . . .      Faith    .   c - +0 buckler
rNeg    + . .      Spirit   .   b - +0 scale mail
rPois   ∞          Reflect  .   (no helmet)
rElec   +          Harm     .   (no cloak)
rCorr   .          Rampage  .   (no gloves)
Will    .....                   (no boots)
Stlth   ..........              (no amulet)
HPRegen 0.15/turn               l - +4 ring of evasion
MPRegen 0.10/turn               (no ring)

@: no status effects
A: sickness immunity, AC +4, negative energy resistance 1, electricity
resistance, torment resistance 1, petrification resistance
a: Renounce Religion, Heroism


You were in an ossuary.
You worshipped Okawaru.
Okawaru was aware of your devotion.
You visited 1 branch of the dungeon, and saw 5 of its levels.
You also visited: Sewer and Ossuary.

You collected 219 gold pieces.

Inventory:

Hand Weapons
 a - a +0 flail (weapon)
Missiles
 g - 11 boomerangs (quivered)
Armour
 b - a +0 scale mail (worn)
 c - a +0 buckler (worn)
Jewellery
 l - a +4 ring of evasion (left hand)
Wands
 h - a wand of flame (13)
 q - a wand of acid (9)
 y - a wand of polymorph (15)
Scrolls
 d - 2 scrolls of immolation {unknown}
 f - 2 scrolls of teleportation {unknown}
 i - a scroll of amnesia {unknown}
 j - 3 scrolls of fog
 n - 2 scrolls of enchant armour {unknown}
 o - 4 scrolls of blinking
 v - a scroll of silence {unknown}
 w - a scroll of vulnerability {unknown}
Potions
 e - a potion of magic {unknown}
 k - 2 potions of lignification {unknown}
 m - 3 potions of ambrosia
 p - 2 potions of brilliance
 r - a potion of attraction {unknown}
 s - 2 potions of heal wounds {unknown}
 t - 2 potions of cancellation {unknown}
 u - 3 potions of flight
 x - 2 potions of resistance {unknown}
 z - 2 potions of curing
 A - 2 potions of experience {unknown}


   Skills:
 * Level 6.7 Fighting
 + Level 4.2 Maces & Flails
 + Level 5.2 Armour
 + Level 5.2 Shields
 + Level 1.1 Invocations


You had 6 spell levels left.
You didn't know any spells.
Your spell library contained the following spells:

 Spells                   Type           Power      Damage    Failure   Level
 Magic Dart               Conj           0%         1d3       80%         1
 Slow                     Hex            0%         N/A       80%         1
 Scorch                   Fire           0%         2d5       90%         2
 Searing Ray              Conj           0%         2d4       90%         2
 Confusing Touch          Hex            0%         N/A       99%         3
 Vampiric Draining        Necr           0%         2d6       99%         3
 Flame Wave               Conj/Fire      0%         2d4       100%        4
 Fulminant Prism          Conj/Hex       0%         3d6       100%        4
 Summon Cactus Giant      Summ           Unusable   N/A       N/A         6

Dungeon Overview and Level Annotations

Branches:
Dungeon (5/15)             Temple (0/1) D:5           Sewer (visited)
Ossuary (1/1)

Altars:
Fedhas
Gozag
Okawaru


Innate Abilities, Weirdness & Mutations

You are immune to sickness and miasma.
Your stone body is resilient. (AC +4)
You are immune to poison.
You resist negative energy. (rN+)
You are resistant to electric shocks. (rElec)
You are resistant to unholy torment.
You are immune to petrification.


Message History

You sock the kobold zombie!
You destroy the kobold zombie!
Okawaru accepts your kill. The kobold zombie closely misses you.
You hit the mummy.
The mummy is lightly damaged.
You block the kobold zombie's attack.
You hit the mummy.
The mummy is lightly damaged.
The mummy hits you but does no damage.
The kobold zombie hits you but does no damage.
You sock the mummy!
The mummy is heavily damaged.
The mummy closely misses you.
You thump the mummy!
You destroy the mummy!
Okawaru accepts your kill.
You hit the mummy.
The mummy is lightly damaged.
The mummy closely misses you. The mummy barely misses you.
You closely miss the mummy.
The mummy is lightly damaged.
The mummy closely misses you. The mummy hits you but does no damage.
You sock the mummy!
The mummy is heavily damaged.
The mummy hits you but does no damage. The mummy hits you.
You hit the mummy but do no damage.
The mummy is heavily damaged.
The mummy hits you! x2; You block the mummy's attack.
You are too injured to fight recklessly!
You are too injured to fight recklessly!
The mummy barely misses you.
You hit the mummy.
The mummy is moderately damaged.
You hit the mummy.
The mummy is heavily damaged.
The mummy hits you!
* * * LOW HITPOINT WARNING * * *
The mummy hits you!
You die...

......#
#....#
#....#
#....#
#....#
#....#
#.Z..#
#MMM.#
#.@..#
#.∩∩.#
######


You could see 3 mummies and a kobold zombie.

Vanquished Creatures
  Sigmund (D:2)
  2 ogres (D:4)
  A scorpion (D:5)
  A howler monkey (D:3)
  A centaur zombie (D:5)
  2 hounds
  A bullfrog skeleton (D:4)
  An iguana (D:5)
  A mummy (Ossuary)
  10 adders
  2 river rats (Sewer)
  4 worms
  5 orcs
  12 bats
  6 endoplasms
  7 giant cockroaches
  2 gnoll zombies (Ossuary)
  7 hobgoblins
  4 jackals
  6 kobolds
  3 quokkas
  11 ball pythons
  6 frilled lizards
  4 goblins
  A hobgoblin zombie (Ossuary)
  A kobold zombie (Ossuary)
  3 orc zombies (Ossuary)
  4 rats
109 creatures vanquished.

Vanquished Creatures (others)
  37 fungi (D:4)
37 creatures vanquished.

Grand Total: 146 creatures vanquished

Notes
Turn   | Place    | Note
-------+----------+-------------------------------------------
     0 | D:1      | doricub5 the Gargoyle Fighter began the quest for the Orb.
     0 | D:1      | Reached XP level 1. HP: 14/14 MP: 1/1
   357 | D:1      | Reached XP level 2. HP: 17/19 MP: 2/2
   644 | D:1      | Found a faded altar of an unknown god.
   928 | D:2      | Noticed Sigmund
   938 | D:2      | Killed Sigmund
   939 | D:2      | Reached skill level 4 in Fighting
   939 | D:2      | Reached XP level 3. HP: 22/25 MP: 3/3
   939 | D:2      | Reached XP level 4. HP: 26/30 MP: 4/4
   939 | D:2      | Reached XP level 5. HP: 30/34 MP: 5/5
  1041 | D:2      | Reached skill level 5 in Fighting
  1578 | D:3      | Found a blossoming altar of Fedhas.
  1594 | D:3      | Reached XP level 6. HP: 31/40 MP: 6/6
  2175 | D:4      | Found a glowing drain.
  2179 | Sewer    | Entered a sewer
  2751 | Sewer    | Reached XP level 7. HP: 43/45 MP: 7/7
  3098 | D:4      | Found an opulent altar of Gozag.
  3113 | D:4      | Found an iron altar of Okawaru.
  3126 | D:4      | Became a worshipper of Warmaster Okawaru
  3277 | D:4      | Reached skill level 6 in Fighting
  3408 | D:4      | Reached skill level 5 in Shields
  3513 | D:4      | Reached skill level 5 in Armour
  3599 | D:4      | You fall into a shaft and drop 1 floor!
  3599 | D:5      | Entered Level 5 of the Dungeon
  3616 | D:5      | Reached * piety under Okawaru
  3667 | D:5      | Found a staircase to the Ecumenical Temple.
  3805 | D:5      | Reached skill level 1 in Invocations
  3826 | D:5      | Found a sand-covered staircase.
  3944 | Ossuary  | Entered an ossuary
  3986 | Ossuary  | Slain by a mummy

Illustrated notes

Levels and vault maps discovered:
D:1:      ncdulo_halloftheorcs, layout_basic, basic_ecumenical_altar,
          kennysheep_small_spiral, amethyst_killhole, minivault_4
D:2:      layout_rooms, dk_noncrumbling_4, uniq_sigmund
D:3:      layout_basic, overflow_temple_1_default, serial_rivers,
          chequers_serial_rivers_large_b, chequers_serial_rivers_micro_a,
          chequers_serial_rivers_marsh, chequers_serial_rivers_micro_d,
          chequers_serial_rivers_micro_b
D:4:      layout_loops_ring, nzn_wu_jian_council_hall,
          mainiacjoe_overflow_catch_the_wave, gup_sewer_entry_spiral,
          grunt_ministairs_15
D:5:      layout_layer_cave, minmay_temple_entry_tees,
          nicolae_ossuary_entry_ruins, kennysheep_opposing_triangles
Ossuary:  ossuary_tomb_3

Skill      XL: |  1  2  3  4  5  6  7 |
---------------+----------------------+-----
Fighting       | 4 5 6 |  6.7
Maces & Flails | 3 4 |  4.2
Armour         | 4 5 |  5.2
Shields        | 4 5 |  5.2
Invocations    | 1 |  1.1

Action                   |  1- 3 |  4- 6 |  7- 9 || total
-------------------------+-------+-------+-------++-------
Melee: Flail             |    63 |   239 |   145 ||   447
Invok: Heroism           |       |       |     1 ||     1
  Use: Potion            |     1 |       |     1 ||     2
       Scroll            |       |     3 |     1 ||     4
Armor: Scale mail        |    39 |   134 |    73 ||   246
Dodge: Dodged            |    40 |   251 |   102 ||   393
Block: Buckler           |    17 |    62 |    37 ||   116
